 Dungeon Crawl Stone Soup version 0.17.1-3-g152610e (webtiles) character file.

525 moxian the Charmwright (level 7, 0/45 HPs)
             Began as a High Elf Skald on Apr 17, 2016.
             Was an Initiate of Fedhas.
             Killed by nerve-wracking pain
             ... invoked by an orc priest
              (8 damage)
             ... on level 4 of the Dungeon.
             The game lasted 00:22:15 (4034 turns).

moxian the Charmwright (High Elf Skald)             Turns: 4034, Time: 00:22:15

Health: 0/45       AC:  4    Str: 12    XL:     7   Next: 2%
Magic:  12/13      EV: 12    Int: 16    God:    Fedhas [......]
Gold:   122        SH:  0    Dex: 16    Spells: 3 memorised, 7 levels left

rFire  + . .     SeeInvis .     a - +0 falchion
rCold  . . .     Clarity  .     F - +0 leather armour
rNeg   . . .     SustAt   .     (no shield)
rPois  .         Gourm    .     (no helmet)
rElec  .         Spirit   .     (no cloak)
rCorr  .         Warding  .     (no gloves)
rMut   .         Stasis   .     l - +0 pair of boots
MR     .....                    (no amulet)
Stlth  +++.......               i - ring of protection from fire
                                h - ring of stealth

@: infused, not resistant to hostile enchantments, fairly stealthy
A: no striking features
a: Renounce Religion


You were on level 4 of the Dungeon.
You worshipped Fedhas.
Fedhas was noncommittal.
You were not hungry.

You visited 1 branch of the dungeon, and saw 4 of its levels.

You collected 122 gold pieces.

Inventory:

Hand Weapons
 a - a +0 falchion (weapon)
 b - a +0 blowgun
 u - a +0 hunting sling
 B - a +0 dagger of flaming
Missiles
 e - 138 stones (quivered)
 p - 5 tomahawks
 r - 72 arrows
 v - 23 bolts
 E - 29 poisoned needles
Armour
 f - a +0 ring mail
 l - a +0 pair of boots (worn)
 n - a +0 scale mail
 w - a cursed +0 ice dragon armour
 F - a +0 leather armour (worn)
Magical Staves
 C - an uncursed staff of summoning {unknown}
Jewellery
 h - a ring of stealth (left hand)
 i - a ring of protection from fire (right hand)
 y - an uncursed ring of stealth
Scrolls
 g - 5 scrolls of teleportation {unknown}
 j - 2 scrolls of magic mapping {unknown}
 o - 2 scrolls of enchant weapon {unknown}
 s - a scroll of noise {unknown}
 t - 3 scrolls of identify {unknown}
 D - a scroll of remove curse {unknown}
 G - a scroll of fog {unknown}
Potions
 k - a potion of agility {unknown}
 m - 3 potions of heal wounds
 q - a potion of poison {unknown}
 x - 2 potions of invisibility {unknown}
 z - a potion of cure mutation {unknown}
Books
 c - a book of Battle

   Spells                             Type                      Level
   a - Infusion                       Charms                       1
   b - Shroud of Golubria             Charms/Translocation         2
   c - Song of Slaying                Charms                       2
   d - Spectral Weapon                Hexes/Charms                 3
   e - Regeneration                   Charms/Necromancy            3
Comestibles
 d - 3 bread rations
 A - 2 slices of pizza
 H - a meat ration


   Skills:
 + Level 2.4 Fighting
 * Level 4.5 Long Blades
 + Level 0.2 Throwing
 * Level 2.0 Armour
 + Level 2.5 Dodging
 + Level 2.1 Stealth
 + Level 3.6 Spellcasting
 + Level 1.4 Hexes
 * Level 5.2 Charms
 + Level 2.5 Translocations


You had 7 spell levels left.
You knew the following spells:

 Your Spells              Type           Power        Failure   Level  Hunger
a - Infusion              Chrm           ###...       2%          1    None
b - Shroud of Golubria    Chrm/Tloc      ###.......   10%         2    ##.....
c - Spectral Weapon       Hex/Chrm       ##......     21%         3    ###....


Dungeon Overview and Level Annotations

Branches:
Dungeon (4/15)
 Temple: D:4-7

Altars:
Dithmenos
Fedhas
Gozag
Kikubaaqudgha
Sif Muna
Yredelemnul


Message History

You closely miss the orc priest.
The orc priest hits you but does no damage.
The orc priest casts a cantrip, but nothing happens.
The orc priest shouts!
You hit the orc priest.
The orc priest is moderately wounded.
The orc priest mumbles some strange prayers to Beogh against you.
Something smites you! The orc priest barely misses you.
The orc priest calls upon Beogh to heal the orc priest.
The orc priest's wounds heal themselves!
The orc priest calls down the wrath of Beogh upon you.
Something smites you!
* * * LOW HITPOINT WARNING * * *
The orc priest invokes the aid of Beogh against you.
Pain shoots through your body!
* * * LOW HITPOINT WARNING * * *
The orc priest calls down the wrath of Beogh upon you.
Pain shoots through your body!
You die...
Fedhas appreciates your contribution to the ecosystem.

###......# #.# ##<..## ....#...##
### #.# ##.....## ######.## ##_#
#.# #........ #.# ##.####P#
##.....## #.# #.##..#รท# ##...##
##+## #.#.#.#P# ##.## ##...##
##.##.#.## #.# ##.....##
###.###.# ####.####
##.......####.#@#.## #.......#
##.........#..##.#.######.#.....#
.'.........#.##..#.....).........
##.........###.###.######.......#
###.......## #o##..# #....#..# #
##.....## #.....# #.#.###.# #
##...#######..#.# #.......# #
##'#o.oo.....#.# ####.#### #
#)#.#####.....# #.#


You could see an orc priest.

Vanquished Creatures
  2 ogres (D:4)
  A scorpion (D:4)
  A crimson imp (D:4)
  An orc priest (D:3)
  A centaur skeleton (D:4)
  Natasha (twice) (D:3)
  An orc wizard (D:4)
  Robin (D:3)
  7 adders
  2 oozes (D:2)
  3 worms
  3 giant geckos
  3 orcs
  5 giant cockroaches
  18 goblins
  7 hobgoblins
  6 kobolds
  2 quokkas
  A ball python (D:2)
  4 bats
  7 giant newts
  A jackal skeleton (D:4)
  4 rats
83 creatures vanquished.

Vanquished Creatures (others)
  A human (D:2)
  19 toadstools
20 creatures vanquished.

Grand Total: 103 creatures vanquished

Notes
Turn   | Place    | Note
--------------------------------------------------------------
     0 | D:1      | moxian the High Elf Skald began the quest for the Orb.
     0 | D:1      | Reached XP level 1. HP: 14/14 MP: 4/4
   150 | D:1      | Reached skill level 4 in Charms
   234 | D:1      | Reached XP level 2. HP: 16/19 MP: 6/6
   635 | D:1      | Learned a level 2 spell: Shroud of Golubria
   640 | D:2      | Reached skill level 1 in Armour
   722 | D:2      | Reached XP level 3. HP: 11/24 MP: 1/7
  1238 | D:2      | Found a basalt altar of Yredelemnul.
  1238 | D:2      | Found a shadowy altar of Dithmenos.
  1242 | D:2      | Found a blossoming altar of Fedhas.
  1242 | D:2      | Found a deep blue altar of Sif Muna.
  1258 | D:2      | Became a worshipper of Fedhas Madash
  1289 | D:2      | Found an opulent altar of Gozag.
  1382 | D:2      | Found an ancient bone altar of Kikubaaqudgha.
  1383 | D:2      | Noticed a human
  1386 | D:2      | Killed a human
  1810 | D:3      | Noticed Robin
  1837 | D:3      | Reached XP level 4. HP: 19/29 MP: 3/9
  2161 | D:2      | Learned a level 3 spell: Spectral Weapon
  2174 | D:3      | Killed Robin
  2264 | D:3      | Noticed Natasha
  2275 | D:3      | Killed Natasha
  2666 | D:4      | Reached skill level 1 in Translocations
  2666 | D:4      | Reached XP level 5. HP: 25/34 MP: 6/10
  2714 | D:4      | Reached skill level 1 in Stealth
  2914 | D:4      | Found an ancient bone altar of Kikubaaqudgha.
  2942 | D:4      | Noticed an ogre
  2963 | D:4      | Killed an ogre
  2963 | D:4      | Reached skill level 5 in Charms
  2963 | D:4      | Reached XP level 6. HP: 24/39 MP: 10/12
  3231 | D:3      | Reached skill level 1 in Hexes
  3409 | D:3      | Noticed Natasha
  3417 | D:3      | Killed Natasha
  3448 | D:4      | Noticed an ogre
  3461 | D:4      | Killed an ogre
  3872 | D:4      | Reached XP level 7. HP: 17/45 MP: 7/13
  4034 | D:4      | Killed from afar by an orc priest

Action                   |  1- 3 |  4- 6 |  7- 9 || total
-------------------------+-------+-------+-------++-------
Melee: Falchion          |   147 |   228 |     4 ||   379
 Fire: Blowgun           |       |     6 |       ||     6
Throw: Stone             |     3 |       |       ||     3
 Cast: Shroud of Golubri |    11 |    15 |     1 ||    27
       Infusion          |     2 |    15 |     1 ||    18
  Use: Potion            |     1 |     1 |       ||     2
 Stab: Sleeping          |     1 |     6 |       ||     7
  Eat: Chunk             |     4 |     8 |       ||    12
